 Dungeon Crawl Stone Soup version 0.31-a0-182-gc5ef74bbde (webtiles) character file.

Game seed: 6979204202174339724

114 qw the Chopper (level 4, -2/28 HPs)
             Began as a Gargoyle Fighter on June 20, 2023.
             Slain by Pargi (3 damage)
             ... in a sewer.
             The game lasted 00:01:03 (1412 turns).

qw the Chopper (Gargoyle Fighter)                   Turns: 1412, Time: 00:01:03

Health: -2/28      AC: 12    Str: 22    XL:     4   Next: 98%
Magic:  4/4        EV:  8    Int:  8    God:
Gold:   120        SH:  4    Dex:  9    Spells: 3/3 levels left

rFire   . . .        Y - +0 war axe
rCold   . . .        c - +0 buckler
rNeg    + . .        h - +0 chain mail
rPois   inf          (no helmet)
rElec   +            (no cloak)
rCorr   .            (no gloves)
SInv    .            (no boots)
Will    .....        (no amulet) Stlth
                     (no ring)
HPRegen 0.24/turn    (no ring)
MPRegen 0.09/turn

%: no passive effects
@: no status effects
A: sickness immunity, AC +3, negative energy resistance 1, electricity
resistance, torment resistance 1, petrification resistance
a: no special abilities


You were in a sewer.
You visited 1 branch of the dungeon, and saw 3 of its levels.
You also visited: Sewer.

You collected 120 gold pieces.


Innate Abilities, Weirdness & Mutations

You are immune to sickness and miasma.
Your stone body is resilient. (AC +3)
You are immune to poison.
You resist negative energy. (rN+)
You are resistant to electric shocks. (rElec)
You are resistant to unholy torment.
You are immune to petrification.


   Skills:
 - Level 3.2 Fighting
 + Level 4.5 Axes
 - Level 3.2 Armour
 - Level 3.2 Shields


You had 3 spell levels left.
You didn't know any spells.
Your spell library was empty.

Inventory:

Hand Weapons
 b - a +3 flail
 e - a +1 flail of holy wrath
 Y - a +0 war axe (weapon)
Missiles
 a - 4 boomerangs (quivered)
Armour
 c - a +0 buckler (worn)
 h - a +0 chain mail (worn)
Jewellery
 f - a ring of fire
Scrolls
 g - a scroll of identify
Potions
 d - a potion of might
 i - a potion of heal wounds
 j - a potion of curing
 k - a potion of enlightenment {unknown}

Dungeon Overview and Level Annotations

Branches:
Dungeon (3/15)              Sewer (1/1)

Altars:
Gozag

Annotations:
Sewer Pargi


Message History

Pargi is moderately wounded.
Pargi bites you. Pargi claws you but does no damage. x2
You hit Pargi.
Pargi is heavily wounded.
Pargi bites you but does no damage. Pargi barely misses you. Pargi claws you.
You closely miss Pargi.
Pargi is heavily wounded.
Pargi closely misses you. Pargi claws you but does no damage. x2
You closely miss Pargi.
Pargi is moderately wounded.
You block Pargi's attack. Pargi completely misses you.
You block Pargi's attack. Pargi bites you but does no damage.
Pargi claws you but does no damage. Pargi barely misses you.
You closely miss Pargi.
Pargi is moderately wounded.
Pargi barely misses you. Pargi closely misses you.
Pargi claws you but does no damage.
You barely miss Pargi.
Pargi is moderately wounded.
Pargi bites you but does no damage. Pargi completely misses you.
Pargi closely misses you.
You slash Pargi!
Pargi is heavily wounded.
You block Pargi's attack. Pargi barely misses you.
Pargi claws you but does no damage.
Pargi looks around nervously.
Pargi bites you. Pargi claws you. Pargi claws you but does no damage.
You slash Pargi!
Pargi is severely wounded.
Pargi hisses menacingly.
Pargi bites you but does no damage. Pargi claws you but does no damage.
You block Pargi's attack.
You barely miss Pargi.
Pargi is severely wounded.
Pargi bites you. Pargi claws you. You block Pargi's attack.
You barely miss Pargi.
Pargi is severely wounded.
Pargi bites you. Pargi claws you but does no damage. You block Pargi's attack.
Pargi bites you. Pargi claws you.
You die...

###~~~~~~~ #.~~~~~~~~ #~
#~~~~~~~~~ #. ##~~~~~~~~~
#~ ##.~~~~~~~~~ #.
##.~~~~~~~~~~ #.
#.~~~~~~~~~~~ # #.###
###.~~~~~~~~~~
~~#..#.#@###~~~~~~~~~~~~#
~~~~~~~T~.#~~~~~~~~~~~##
~~~~~~~~~~.~~~~~~~~~~##
~~~~~~~~~~~~~~~~~~~~~#
~~~~~~~~~~~~~~~~~~~~##
~~~~~~~~~~~~~~~~~~~##
~~~~~~~~~~~~~~~~~~~#
~~~~~~~~~~~~~~~~~###
#~~~~~~~~~~~~~~~~#


You could see Pargi.

Vanquished Creatures
  4 gnolls (D:2)
  A worm (D:3)
  A dart slug (D:1)
  3 orcs (D:3)
  9 bats
  9 endoplasms
  5 giant cockroaches
  4 goblins
  6 hobgoblins
  2 quokkas
  5 ball pythons
  7 frilled lizards
  4 kobolds
  4 rats
64 creatures vanquished.

Notes
Turn   | Place    | Note
-------+----------+-------------------------------------------
     0 | D:1      | qw the Gargoyle Fighter began the quest for the Orb.
     0 | D:1      | Reached XP level 1. HP: 14/14 MP: 1/1
     0 | D:1      | 0 ||| qw: Version: 0.3-a-9-g12657ce
     0 | D:1      | 0 ||| qw: Game counter: 1417
     0 | D:1      | 0 ||| qw: Always use a shield: true
     0 | D:1      | 0 ||| qw: God list: Okawaru
     0 | D:1      | 0 ||| qw: Allow faded altars: false
     0 | D:1      | 0 ||| qw: Do Orc after D:15 true
     0 | D:1      | 0 ||| qw: Do second Lair branch before Depths: true
     0 | D:1      | 0 ||| qw: Lair rune preference: random
     0 | D:1      | 0 ||| qw: Plans: Normal, Zot:1-4, Slime:5, God:TSO, Crypt,
                  | Tomb, Abyss, Pan, Hells, Win
     0 | D:1      | 0 ||| PLANNING D:1-11
    31 | D:1      | 31 ||| Stepping ~*~*~tactically~*~*~ (stealth).
    33 | D:1      | 33 ||| Stepping ~*~*~tactically~*~*~ (stealth).
    41 | D:1      | Reached skill level 2 in Axes
    47 | D:1      | Reached XP level 2. HP: 16/19 MP: 2/2
    76 | D:1      | 76 ||| Stepping ~*~*~tactically~*~*~ (hiding).
   312 | D:1      | 312 ||| Stepping ~*~*~tactically~*~*~ (hiding).
   320 | D:1      | Reached skill level 3 in Axes
   376 | D:1      | 376 ||| Stepping ~*~*~tactically~*~*~ (stealth).
   385 | D:1      | Reached XP level 3. HP: 23/23 MP: 3/3
   621 | D:1      | 621 ||| UPGRADING to +0 chain mail.
   631 | D:1      | 631 ||| DROPPING +0 scale mail.
   632 | D:1      | 632 ||| READING scroll labelled URIUJ SURI.
   633 | D:1      | 633 ||| READING 3 scrolls labelled SAAZEF CAWNIYNGOO.
   634 | D:1      | 634 ||| READING scroll labelled VETWUN MUOSI.
   635 | D:1      | 635 ||| READING scroll labelled VIANTUEZ CEUCK.
   640 | D:1      | 640 ||| DRINKING 2 cyan potions.
   653 | D:2      | Found an opulent altar of Gozag.
   730 | D:2      | HP: 5/23 [gnoll/+3 flail (9)]
   731 | D:2      | 731 ||| DRINKING potion of heal wounds.
   753 | D:2      | 753 ||| DROPPING +0 whip.
   760 | D:2      | 760 ||| Stepping ~*~*~tactically~*~*~ (stealth).
   761 | D:2      | 761 ||| Stepping ~*~*~tactically~*~*~ (stealth).
   767 | D:2      | Reached XP level 4. HP: 28/28 MP: 4/4
   776 | D:2      | Reached skill level 4 in Axes
   978 | D:2      | 978 ||| READING 2 scrolls of identify.
   978 | D:2      | 978 ||| IDENTIFYING lumpy brown potion
   992 | D:3      | 992 ||| PLANNING SEWER
  1314 | D:3      | Found a glowing drain.
  1323 | Sewer    | Entered a sewer
  1329 | Sewer    | 1329 ||| Stepping ~*~*~tactically~*~*~ (water).
  1344 | Sewer    | 1344 ||| Stepping ~*~*~tactically~*~*~ (water).
  1363 | Sewer    | 1363 ||| Stepping ~*~*~tactically~*~*~ (water).
  1382 | Sewer    | 1382 ||| Stepping ~*~*~tactically~*~*~ (water).
  1391 | Sewer    | Noticed Pargi
  1392 | Sewer    | 1392 ||| Stepping ~*~*~tactically~*~*~ (water).
  1394 | Sewer    | 1394 ||| Stepping ~*~*~tactically~*~*~ (water).
  1412 | Sewer    | HP: 6/28 [Pargi (3)]
  1412 | Sewer    | HP: 1/28 [Pargi (5)]
  1412 | Sewer    | Slain by Pargi

Levels and vault maps discovered:
D:1:      eino_arrival_water_cross, layout_rooms, chequers_serial_rivers_room_a,
          nicolae_titane
D:2:      layout_basic, basic_altar
D:3:      layout_loops_corners, gup_sewer_entry_bubbles, st_stairs_6,
          minmay_misc_feat_room
Sewer:    sewer_co_pargi_island

Skill      XL: |  1  2  3  4 |
---------------+-------------+-----
Axes           | 2 3 4 |  4.5
Fighting       | |  3.2
Armour         | |  3.2
Shields        | |  3.2

Action                     |  1- 3 |  4- 6 || total
---------------------------+-------+-------++-------
  Melee: War axe           |    78 |    82 ||   160
  Throw: Boomerang         |     7 |    65 ||    72
    Use: Scroll            |     4 |     1 ||     5
         Potion            |     2 |       ||     2
 Armour: Scale mail        |    23 |       ||    23
         Chain mail        |    16 |    62 ||    78
  Dodge: Dodged            |    34 |    37 ||    71
  Block: Buckler           |     9 |    18 ||    27

Table legend:
 A = Non-vault XP
 B = Vault XP
 C = Vault XP percentage of total XP
 D = Non-vault monster count
 E = Vault monster count
 F = Vault count percentage of total count
                 A         B        C        D         E       F
            +---------+---------+-------+---------+---------+-------
      Total |     147 |      17 |  10.4 |      52 |      12 |  18.8
            +---------+---------+-------+---------+---------+-------
        D:1 |      42 |       0 |   0.0 |      23 |       0 |   0.0
        D:2 |      80 |       0 |   0.0 |      18 |       0 |   0.0
        D:3 |      25 |      10 |  28.6 |      11 |       6 |  35.3
      Sewer |       0 |       7 | 100.0 |       0 |       6 | 100.0
            +---------+---------+-------+---------+---------+-------
